AoeStats
← tahasnmz

Arabia

506728944Analyzed
1v1 RM · 18d ago on Sep 14, 2026· 47m 26s· 2 players
Game mode
Random Map
Map size
Tiny (2 player)
Population
200
Speed
Normal
Resources
Standard
Victory
Conquest
Starting age
Dark Age
Ending age
Imperial Age
RankedLock teamsTeams togetherTeam positionsShared explorationLock speedFull tech treeHidden civsTurbo modeCheats
Victory
Defeat
🇹🇷 Goths · Türkiye
1041
+18
🇵🇪 Huns · Peru
1084
-18
Rei chikita gamer
8:39 Loom
10:48 Feudal Age
13:12 Horse Collar
13:19 Double-Bit Axe
18:45 Bloodlines
21:16 Scale Barding Armor
21:52 Padded Archer Armor
22:53 Fletching
25:54 Wheelbarrow
28:40 Castle Age
29:38 Bodkin Arrow
30:00 Bow Saw
29:51 Heavy Plow
31:56 Gold Mining
33:22 Forging
35:53 Chain Barding Armor
37:48 Husbandry
43:44 Imperial Age
44:31 Iron Casting
46:19 Masonry
47:23 Plate Barding Armor
tahasnmz
9:32 Feudal Age
9:50 Man-at-Arms
10:42 Double-Bit Axe
14:22 Loom
17:26 Horse Collar
20:53 Fletching
23:08 Castle Age
22:00 Gold Mining
22:01 Stone Mining
22:03 Town Watch
22:29 Scale Mail Armor
22:30 Padded Archer Armor
23:50 Squires
24:49 Bow Saw
24:57 Bodkin Arrow
27:50 Forging
29:53 Wheelbarrow
29:50 Chain Mail Armor
33:29 Pikeman
39:47 Hand Cart
43:30 Imperial Age
43:50 Murder Holes
44:07 Masonry
44:50 Conscription
45:18 Iron Casting
44:44 Bracer
46:10 Elite Huskarl
Connection lost

Rejoining the realm…

Still unreachable

The connection could not be restored.

Session expired

The server has moved on; the page needs a fresh start.